 Dungeon Crawl Stone Soup version 0.17-a0-1831-gaadb308 (webtiles) character file.

301 Kidiri the Shield-Bearer (level 6, -6/38 HPs)
             Began as a Gargoyle Fighter on Sept 14, 2015.
             Mangled by a purple ugly thing (8 damage)
             ... on level 1 of the Abyss.
             The game lasted 00:16:10 (3509 turns).

Kidiri the Shield-Bearer (Gargoyle Fighter)         Turns: 3509, Time: 00:16:10

Health: -6/38      AC: 14    Str: 26    XL:     6   Next: 37%
Magic:  6/6        EV:  8    Int: 11    God:
Gold:   269        SH: 11    Dex:  9    Spells: 0 memorised, 5 levels left

rFire  + . .     SeeInvis .     v - +1 war axe (distort)
rCold  x . .     Clarity  .     r - +0 scale mail (curse)
rNeg   + . .     SustAt   .     c - +1 shield
rPois  ∞         Gourm    .     (no helmet)
rElec  +         Spirit   .     h - +2 cloak
rCorr  .         Warding  .     (no gloves)
rMut   .         Stasis   .     (no boots)
MR     .....                    (no amulet)
Stlth  ..........               o - +2 ring of intelligence
                                g - ring of fire

@: mighty, slowed, very slow, not resistant to hostile enchantments, extremely
unstealthy
A: negative energy resistance 1, electricity resistance, unbreathing,
petrification resistance, rot immunity, AC +4
a: no special abilities


You were on level 1 of the Abyss.
You were not hungry.

You visited 1 branch of the dungeon, and saw 4 of its levels.
You visited the Abyss 1 time.

You collected 269 gold pieces.

Inventory:

Hand weapons
 i - a +2 flail of protection
 m - a +0 flail
 v - a +1 war axe of distortion (weapon)
 x - a +0 morningstar
Armour
 b - a +0 scale mail
 c - a +1 shield (worn)
 h - a +2 cloak (worn)
 k - a +0 ring mail
 r - a cursed +0 scale mail (worn)
Jewellery
 g - a ring of fire (left hand)
 o - a +2 ring of intelligence (right hand)
Magical devices
 f - a wand of polymorph (9)
 s - a wand of frost (24)
Scrolls
 a - 4 scrolls of amnesia
 j - a scroll of teleportation
 l - 4 scrolls of magic mapping
 n - a scroll of recharging
 p - a scroll of identify
Potions
 d - a potion of curing
 q - 3 potions of magic
 w - a potion of poison {unknown}
Books
 u - a book of Power

   Spells                             Type                      Level
   a - Fulminant Prism                Conjuration/Hexes            4
   b - Iskenderun's Mystic Blast      Conjuration                  4
   c - Venom Bolt                     Conjuration/Poison           5
   d - Bolt of Magma                  Conjuration/Fire/Earth       5
   e - Iron Shot                      Conjuration/Earth            6
   f - Orb of Destruction             Conjuration                  7
   g - Spellforged Servitor           Conjuration/Summoning        7
Comestibles
 e - 3 bread rations
 t - 2 chunks of flesh


   Skills:
 + Level 4.1 Fighting
 * Level 3.5 Maces & Flails
 * Level 4.6 Armour
 + Level 1.4 Dodging
 * Level 4.9 Shields


You had 5 spell levels left.
You didn't know any spells.

Dungeon Overview and Level Annotations

Branches:
Dungeon (4/15)
 Temple: D:4-7

Altars:
Kikubaaqudgha
Vehumet


Innate Abilities, Weirdness & Mutations

You are resistant to torment.
Your stone body is resilient (AC +4).
You are immune to poison.
You resist negative energy.
You are resistant to electric shocks.
You can survive without breathing.
You are immune to petrification.
You are immune to rotting.


Message History

You feel less protected. Space warps around you for a moment!
v - a +1 war axe of distortion (weapon)
You slash the purple ugly thing!
Space warps horribly around the purple ugly thing!
The purple ugly thing is heavily wounded.
The purple ugly thing trunk-slaps you but does no damage.
You block the purple ugly thing's attack.
You slash the purple ugly thing!
The purple ugly thing is severely wounded.
You hit the apocalypse crab.
The apocalypse crab looks slightly unstable.
The apocalypse crab is moderately wounded.
The purple ugly thing blinks!
The apocalypse crab closely misses you. The apocalypse crab claws you!
* * * LOW HITPOINT WARNING * * *
You feel yourself slow down.
You slash the apocalypse crab!
The apocalypse crab is heavily wounded.
The apocalypse crab disappears!
The purple ugly thing trunk-slaps you!
You die...

.###5# .. ....
#############.#.....
#......§...##...#. .. .
#.....@#........ ......
#.)...uX......#.## . ..
.................##.....
...............### # ...
#.....##.##....#..#. . .
#.................... ..
..........#....#... ...
..#....#..#. ....###.. .
.. .. ..... ..## #.


You could see a purple ugly thing and a large abomination.

Vanquished Creatures
  Edmund (D:4)
  3 worker ants (D:4)
  4 adders
  2 oozes
  An adder skeleton (D:4)
  3 giant geckos
  5 giant cockroaches
  9 goblins
  7 hobgoblins
  2 quokkas
  2 ball pythons
  3 bats
  5 giant newts
  13 kobolds
  9 rats
69 creatures vanquished.

Notes
Turn   | Place    | Note
--------------------------------------------------------------
     0 | D:1      | Kidiri the Gargoyle Fighter began the quest for the Orb.
     0 | D:1      | Reached XP level 1. HP: 14/14 MP: 1/1
   346 | D:1      | Reached XP level 2. HP: 17/19 MP: 2/2
   631 | D:1      | Reached XP level 3. HP: 20/23 MP: 3/3
  1249 | D:2      | Reached skill level 4 in Shields
  1844 | D:2      | Reached XP level 4. HP: 23/28 MP: 4/4
  2817 | D:4      | Reached skill level 1 in Dodging
  2817 | D:4      | Reached XP level 5. HP: 27/33 MP: 5/5
  3012 | D:4      | Found a radiant altar of Vehumet.
  3035 | D:4      | Noticed Edmund
  3068 | D:4      | Killed Edmund
  3068 | D:4      | Reached XP level 6. HP: 8/38 MP: 6/6
  3423 | D:4      | Found an ancient bone altar of Kikubaaqudgha.
  3439 | D:4      | Cast into the Abyss (a distortion unwield)
  3481 | Abyss:1  | Noticed an apocalypse crab
  3491 | Abyss:1  | Noticed a purple ugly thing
  3508 | Abyss:1  | HP: 1/38 [apocalypse crab (8)]
  3509 | Abyss:1  | Mangled by a purple ugly thing

Vault maps used:
D:1:      onia_arrival_mini_maze
D:2:      first_bread
D:4:      kiku_gazebo_garden_becter, serial_curves, eino_curves_03,
          eino_curves_03, vehumet_altar_wand_db, uniq_edmund, uniq_menkaure

Action                   |  1- 3 |  4- 6 || total
-------------------------+-------+-------++-------
Melee: Flail             |   145 |   126 ||   271
       Whip              |    26 |       ||    26
       Mace              |     5 |       ||     5
       War axe           |       |     3 ||     3
  Use: Scroll            |     7 |     8 ||    15
       Potion            |       |     4 ||     4
 Stab: Invisible         |       |     2 ||     2
  Eat: Chunk             |     2 |     2 ||     4
       Fruit             |     1 |       ||     1
       Bread ration      |       |     1 ||     1
